[gd_scene load_steps=13 format=2]

[ext_resource path="res://actor/Enemy/EnemyActor.tscn" type="PackedScene" id=1]
[ext_resource path="res://actor/Enemy/ship2/EnemyShip2.gd" type="Script" id=2]
[ext_resource path="res://assets/img/enemy/ship5/Ship_05.png" type="Texture" id=3]
[ext_resource path="res://assets/sfx/Tanks_Attacks_T1.wav" type="AudioStream" id=4]

[sub_resource type="StreamTexture" id=1]
flags = 4
load_path = "res://.import/white_glowing_circle.png-5e817010ef0173558a451ed990069331.stex"

[sub_resource type="RectangleShape2D" id=2]
extents = Vector2( 32, 40 )

[sub_resource type="Gradient" id=3]
colors = PoolColorArray( 0, 0, 0, 0.784314, 1, 1, 1, 0.498039 )

[sub_resource type="GradientTexture" id=4]
gradient = SubResource( 3 )

[sub_resource type="ParticlesMaterial" id=5]
flag_disable_z = true
gravity = Vector3( 0, 0, 0 )
orbit_velocity = 0.0
orbit_velocity_random = 0.0
scale = 0.15
color_ramp = SubResource( 4 )

[sub_resource type="StreamTexture" id=6]
flags = 4
load_path = "res://.import/Tire_Track_02.png-e4625516842ac02d4e16a69695625d3f.stex"

[sub_resource type="ParticlesMaterial" id=7]
flag_disable_z = true
gravity = Vector3( 0, 0, 0 )
orbit_velocity = 0.0
orbit_velocity_random = 0.0
scale = 0.15
color_ramp = SubResource( 4 )

[sub_resource type="StreamTexture" id=8]
flags = 4
load_path = "res://.import/Tire_Track_02.png-e4625516842ac02d4e16a69695625d3f.stex"

[node name="EnemyShip2" instance=ExtResource( 1 )]
z_index = 20
collision_layer = 128
script = ExtResource( 2 )
type = 5
enemy_name = "ship2"

[node name="Sprite" type="Sprite" parent="." index="0"]
rotation = 1.5708
scale = Vector2( 0.14, 0.08 )
texture = ExtResource( 3 )

[node name="Shadow" parent="." index="1"]
texture = SubResource( 1 )

[node name="CollisionShape2D" parent="." index="2"]
shape = SubResource( 2 )

[node name="TrackParticles1" parent="." index="12"]
visible = false
process_material = SubResource( 5 )
texture = SubResource( 6 )

[node name="TrackParticles2" parent="." index="13"]
visible = false
process_material = SubResource( 7 )
texture = SubResource( 8 )

[node name="AudioStreamPlayer2D" type="AudioStreamPlayer2D" parent="." index="14"]
stream = ExtResource( 4 )
volume_db = -12.0
